 Dungeon Crawl Stone Soup version 0.18.1-50-g88ac8fd (webtiles) character file.

31369 FruitAndGarbage the Quickloader (level 13, 0/81 HPs)
             Began as a Kobold Hunter on Oct 26, 2016.
             Was a High Priest of Okawaru.
             Succumbed to a redback's poison
             ... on level 6 of the Lair of Beasts.
             The game lasted 01:29:07 (21797 turns).

FruitAndGarbage the Quickloader (Kobold Hunter)    Turns: 21797, Time: 01:29:08

Health: 0/81       AC: 17    Str: 20    XL:     13   Next: 95%
Magic:  15/26      EV: 27    Int:  9    God:    Okawaru [*****.]
Gold:   1449       SH:  0    Dex: 29    Spells: 1 memorised, 6 levels left

rFire  + . .     SeeInvis .     b - +1 double sword of Zalu {slice, MP+9 Str+9 Dex+3}
rCold  . . .     Gourm    .     J - +2 chain mail {rF+}
rNeg   . . .     Faith    .     (shield currently unavailable)
rPois  +         Spirit   +     j - +0 helmet
rElec  .         Dismiss  .     (no cloak)
rCorr  .         Reflect  .     k - +0 pair of gloves
SustAt .         Harm     .     q - +1 pair of boots
MR     .....                    u - amulet of guardian spirit
Stlth  +++++.....               V - ring of poison resistance
                                e - +2 ring of evasion

@: agile, lethally poisoned (0 -> -5), not resistant to hostile enchantments,
quite stealthy
A: carnivore 3
a: Heroism, Finesse, Renounce Religion


You were on level 6 of the Lair of Beasts.
You worshipped Okawaru.
Okawaru was extremely pleased with you.
You were completely stuffed.

You visited 2 branches of the dungeon, and saw 19 of its levels.

You collected 1509 gold pieces.
You spent 60 gold pieces at shops.

Inventory:

Hand Weapons
 a - a +5 arbalest of venom
 b - the +1 double sword of Zalu (weapon) {slice, MP+9 Str+9 Dex+3}
   (Okawaru gifted it to you on level 13 of the Dungeon)

   It inflicts extra damage upon your enemies.
   It affects your strength (+9).
   It affects your dexterity (+3).
   It affects your magic capacity (+9).
 s - a +2 short sword of draining
 v - a +0 short sword of protection
Missiles
 d - 263 bolts
Armour
 j - a +0 helmet (worn)
 k - a +0 pair of gloves (worn)
 q - a +1 pair of boots (worn)
 J - a +2 chain mail of fire resistance (worn)
Jewellery
 e - a +2 ring of evasion (left hand)
 u - an amulet of guardian spirit (around neck)
 w - an uncursed ring of protection from cold
 y - an uncursed ring of ice
 A - an uncursed ring of sustain attributes
 G - an uncursed ring of wizardry
 V - a ring of poison resistance (right hand)
Wands
 c - a wand of digging (14/24)
 m - a wand of iceblast (1/15)
 x - a wand of acid (5/15)
 F - a wand of lightning (7/15)
Scrolls
 i - 3 scrolls of magic mapping
 l - 9 scrolls of identify
 o - 6 scrolls of teleportation
 t - 2 scrolls of recharging
 D - 4 scrolls of amnesia
 E - 6 scrolls of remove curse
 H - 2 scrolls of vulnerability
Potions
 g - 4 potions of flight
 h - a potion of invisibility
 B - 4 potions of magic
Books
 C - a Necronomicon

   Spells                             Type                      Level
   a - Haunt                          Necromancy/Summoning         7
   b - Borgnjor's Revivification      Necromancy                   8
   c - Death's Door                   Charms/Necromancy            8
   d - Necromutation                  Transmutation/Necromancy     8
 I - a book of Enchantments

   Spells                             Type                      Level
   a - Cause Fear                     Hexes                        4
   b - Yara's Violent Unravelling     Hexes/Transmutation          5
   c - Silence                        Hexes/Air                    5
   d - Deflect Missiles               Charms/Air                   6
   e - Haste                          Charms                       6
   f - Discord                        Hexes                        8
 M - a Fen Folio

   Spells                             Type                      Level
   a - Corpse Rot                     Necromancy                   2
   b - Stone Arrow                    Conjuration/Earth            3
   c - Leda's Liquefaction            Hexes/Earth                  4
   d - Summon Forest                  Summoning/Translocation      5
   e - Hydra Form                     Transmutation                6
   f - Summon Hydra                   Summoning                    7
 P - a book of Ice

   Spells                             Type                      Level
   a - Ice Form                       Ice/Transmutation            4
   b - Metabolic Englaciation         Hexes/Ice                    5
   c - Ozocubu's Refrigeration        Ice                          6
   d - Bolt of Cold                   Conjuration/Ice              6
   e - Freezing Cloud                 Conjuration/Ice/Air          6
   f - Simulacrum                     Ice/Necromancy               6
Miscellaneous
 p - a phial of floods
 R - a box of beasts {used: 1}
Comestibles
 f - 8 meat rations
 n - 20 chunks of flesh
 r - 10 slices of pizza
 z - 5 beef jerkies
 L - a royal jelly


   Skills:
 * Level 9.6 Fighting
 * Level 11.3(12.1) Short Blades
 * Level 4.7(6.7) Long Blades
 + Level 12.0 Crossbows
 * Level 7.7 Armour
 * Level 10.1 Dodging
 * Level 11.5 Stealth
 + Level 6.2 Invocations
 + Level 1.4 Evocations


You had 6 spell levels left.
You knew the following spells:

 Your Spells              Type           Power        Failure   Level  Hunger
a - Deflect Missiles      Chrm/Air       #.........   100%        6    #######


Dungeon Overview and Level Annotations

Branches:
Dungeon (13/15)            Temple (0/1) D:6            Lair (6/8) D:11
 Shoals (0/4) Lair:5          Orc (0/2) D:12
  Snake: Lair:3-6    Spider: Lair:3-6     Slime: Lair:6-8    Vaults: D:13-14

Altars:
Ashenzari
Dithmenos
Fedhas
Nemelex Xobeh
Okawaru
Ru
Sif Muna
Trog
Xom
The Shining One

Shops:
D:5 !

Annotations:
D:2 exclusion: downstairs
D:12 exclusion: downstairs


Innate Abilities, Weirdness & Mutations

You are small and have problems with some larger weapons.
You are carnivorous and can eat meat at any time.


Message History

You feel sick.
There is a lethal amount of poison in your body!
There is a lethal amount of poison in your body!
* * * LOW HITPOINT WARNING * * *
You feel sick.
A redback comes into view.
* * * LOW HITPOINT WARNING * * *
You feel sick.
* * * LOW HITPOINT WARNING * * *
You feel sick.
* * * LOW HITPOINT WARNING * * *
You feel sick.
* * * LOW HITPOINT WARNING * * *
You feel sick.
* * * LOW HITPOINT WARNING * * *
You feel sick.
The redback bites you but does no damage.
* * * LOW HITPOINT WARNING * * *
You feel sick.
You die...

#....................
#.....................
###.....P............. ##
#P.P%.....%..#..#P... #.#
#...........#.....P..
#.#####.........P..P..##...
####.#............P.....#
#^#...................)..
#^†......s.@............
#.#.....P.................
####.##.#P...................
#.###........#.............
#.# ##.....................
## ##.....).P............
#.|.....)............
#.......P............
#........P............


You could see a redback.

Vanquished Creatures
  2 hydras
  2 skeletal warriors
  An unseen horror (D:13)
  2 hill giants
  An ugly thing (D:12)
  2 manticores
  3 griffons
  11 elephants
  2 sirens (Lair:5)
  A black mamba (Lair:5)
  6 spiny frogs
  A gargoyle (D:12)
  5 komodo dragons
  2 rime drakes
  A polar bear (Lair:5)
  2 merfolk (Lair:5)
  A merfolk (shapeshifter) (D:13)
  A troll (D:11)
  A jumping spider (Lair:6)
  2 redbacks (Lair:6)
  A human (D:8)
  2 wyverns
  2 basilisks
  9 yaks
  A hog (D:8)
  2 hungry ghosts
  3 hippogriffs
  A warg (Lair:1)
  A steam dragon (D:11)
  Menkaure (D:7)
  8 water moccasins
  Duvessa (D:6)
  5 ice beasts
  6 porcupines
  10 orc warriors
  3 sky beasts
  A phantom (D:10)
  6 necrophages
  11 wolves (Lair:1)
  4 ogres
  6 centaurs
  The ghost of govitz147 the Shield-Bearer, an amateur GrFi (D:3)
  4 big kobolds
  8 crocodiles
  9 giant frogs
  Dowan (D:6)
  A wyvern skeleton (D:13)
  A wyvern zombie (D:9)
  6 scorpions
  4 killer bees (D:9)
  6 wights (D:9)
  A howler monkey (D:4)
  4 crimson imps
  2 giant frog zombies
  A centaur zombie (D:9)
  4 jellies
  A wasp zombie (D:13)
  A gnoll shaman (D:4)
  5 centaur skeletons
  3 hounds
  A quasit (D:8)
  4 orc priests
  6 giant frog skeletons
  5 iguanas
  Ijyb (D:2)
  7 worker ants
  Natasha (thrice) (D:3)
  8 orc wizards
  A killer bee zombie (D:7)
  21 sheep
  A hound zombie (D:8)
  2 hound skeletons
  2 worker ant zombies (D:10)
  2 mummies (D:9)
  3 gnolls (D:4)
  9 adders
  32 river rats
  An ooze (D:4)
  An adder zombie (D:6)
  An adder skeleton (D:5)
  5 worms
  3 dart slugs
  8 giant geckos
  47 orcs
  8 bats
  9 giant cockroaches
  7 hobgoblins
  4 jackals
  4 quokkas
  5 giant newts
  5 goblins
  17 kobolds
  A quokka skeleton (D:8)
  4 rats
  A bush (D:10)
  A fungus (Lair:4)
  2 plants
438 creatures vanquished.

Vanquished Creatures (collateral kills)
  A centaur warrior (D:12)
1 creature vanquished.

Vanquished Creatures (others)
  4 fungi
  11 plants
15 creatures vanquished.

Grand Total: 454 creatures vanquished

Notes
Turn   | Place    | Note
--------------------------------------------------------------
     0 | D:1      | FruitAndGarbage the Kobold Hunter began the quest for the Orb.
     0 | D:1      | Reached XP level 1. HP: 12/12 MP: 1/1
    54 | D:1      | Reached skill level 5 in Crossbows
   270 | D:1      | Reached XP level 2. HP: 9/17 MP: 2/2
   819 | D:1      | Reached XP level 3. HP: 16/22 MP: 3/3
  1212 | D:2      | Reached skill level 1 in Short Blades
  1248 | D:2      | Reached XP level 4. HP: 22/27 MP: 4/4
  1513 | D:2      | Noticed Ijyb
  1527 | D:2      | Killed Ijyb
  1527 | D:2      | Reached skill level 1 in Armour
  1860 | D:2      | Reached XP level 5. HP: 31/32 MP: 5/5
  2060 | D:3      | Noticed govitz147's ghost (amateur GrFi)
  2903 | D:3      | Noticed Natasha
  2911 | D:3      | Killed Natasha
  2911 | D:3      | Reached XP level 6. HP: 30/37 MP: 6/6
  3042 | D:3      | Noticed Natasha
  3057 | D:3      | Killed Natasha
  3098 | D:3      | Noticed Natasha
  3118 | D:3      | Killed Natasha
  3342 | D:3      | Killed govitz147's ghost
  4222 | D:4      | Reached XP level 7. HP: 29/41 MP: 7/7
  4497 | D:4      | Reached skill level 6 in Crossbows
  5100 | D:5      | Entered Level 5 of the Dungeon
  5134 | D:5      | Found a sparkling altar of Nemelex Xobeh.
  5163 | D:5      | Found an iron altar of Okawaru.
  5170 | D:5      | Became a worshipper of Warmaster Okawaru
  5186 | D:5      | Found a bloodstained altar of Trog.
  5259 | D:5      | Found Fuxkai's Distillery.
  5287 | D:5      | Reached XP level 8. HP: 32/48 MP: 4/8
  5290 | D:5      | Bought a potion of degeneration for 15 gold pieces
  5290 | D:5      | Bought a potion of curing for 45 gold pieces
  5426 | D:5      | Found a shimmering altar of Xom.
  5435 | D:5      | Reached * piety under Okawaru
  5466 | D:5      | Got a translucent trident
  5467 | D:5      | Identified the cursed +3 trident of Girchaorr {pain, rC+ Int+4 Stlth-} (You found it on level 5 of the Dungeon)
  5555 | D:5      | Found a glowing golden altar of the Shining One.
  5624 | D:5      | Reached skill level 5 in Dodging
  5624 | D:5      | Reached skill level 5 in Stealth
  5814 | D:5      | Reached skill level 5 in Short Blades
  6181 | D:6      | Reached skill level 1 in Invocations
  6431 | D:6      | Noticed Duvessa
  6433 | D:6      | Noticed Dowan
  6447 | D:6      | Killed Duvessa
  6447 | D:6      | Reached XP level 9. HP: 30/53 MP: 5/10
  6449 | D:6      | Killed Dowan
  6449 | D:6      | Reached skill level 7 in Crossbows
  6705 | D:6      | Found a staircase to the Ecumenical Temple.
  6744 | D:6      | Reached skill level 5 in Fighting
  6784 | D:6      | Found a shadowy altar of Dithmenos.
  7249 | D:7      | Found a sacrificial altar of Ru.
  7251 | D:7      | Reached ** piety under Okawaru
  7455 | D:7      | Noticed Menkaure
  7459 | D:7      | Killed Menkaure
  7867 | D:7      | Reached skill level 8 in Crossbows
  8059 | D:8      | Reached *** piety under Okawaru
  8461 | D:8      | Reached XP level 10. HP: 57/60 MP: 10/12
  8642 | D:8      | Received a gift from Okawaru
  9133 | D:9      | Received a gift from Okawaru
  9529 | D:9      | Reached skill level 9 in Crossbows
  9637 | D:9      | Received a gift from Okawaru
 10350 | D:10     | Entered Level 10 of the Dungeon
 10613 | D:10     | Reached **** piety under Okawaru
 10689 | D:10     | Found a blossoming altar of Fedhas.
 10950 | D:10     | Reached skill level 5 in Armour
 10950 | D:10     | Reached XP level 11. HP: 66/66 MP: 14/14
 11234 | D:10     | Received a gift from Okawaru
 11501 | D:11     | Noticed a griffon
 11520 | D:11     | Killed a griffon
 11520 | D:11     | Reached skill level 10 in Crossbows
 11520 | D:11     | Reached skill level 5 in Invocations
 11562 | D:11     | Noticed a manticore
 11571 | D:11     | Killed a manticore
 11707 | D:11     | Found a staircase to the Lair.
 11707 | D:11     | Noticed an elephant
 11749 | D:11     | Killed an elephant
 12304 | D:11     | Found a glowing golden altar of the Shining One.
 12417 | D:11     | Noticed a hill giant
 12464 | D:11     | Killed a hill giant
 12883 | D:12     | Noticed a manticore
 13113 | D:12     | Killed a manticore
 13172 | D:12     | Found a staircase to the Orcish Mines.
 13192 | D:12     | Received a gift from Okawaru
 13975 | D:12     | Noticed a hill giant
 14003 | D:12     | Killed a hill giant
 14003 | D:12     | Received a gift from Okawaru
 14101 | D:12     | Noticed a purple ugly thing
 14116 | D:12     | Killed a purple ugly thing
 14116 | D:12     | Reached skill level 11 in Crossbows
 14292 | D:13     | Noticed a skeletal warrior
 14292 | D:13     | Noticed a skeletal warrior
 14292 | D:13     | Noticed a skeletal warrior
 14630 | D:13     | Noticed a skeletal warrior
 14631 | D:13     | Killed a skeletal warrior
 14631 | D:13     | Reached XP level 12. HP: 72/72 MP: 16/16
 14921 | D:12     | Noticed a centaur warrior
 14951 | D:12     | Killed a centaur warrior
 14951 | D:12     | Reached ***** piety under Okawaru
 15294 | D:13     | Noticed a storm dragon
 15344 | D:13     | Noticed a centaur warrior
 15357 | D:13     | HP: 3/73 [something (5)]
 15360 | D:13     | HP: 1/73 [something (6)]
 15363 | D:13     | Found a shattered altar of Ashenzari.
 15368 | D:13     | HP: 2/73 [something (5)]
 15380 | D:13     | Killed an unseen horror
 15387 | D:13     | Reached skill level 10 in Stealth
 15429 | D:13     | Noticed a sea snake
 15454 | D:13     | a sea snake changed into a merfolk
 15523 | D:13     | Reached skill level 1 in Evocations
 15875 | D:13     | Received a gift from Okawaru
 15876 | D:13     | Got a shimmering double sword {god gift}
 15886 | D:13     | Identified the +1 double sword of Zalu {slice, MP+9 Str+9 Dex+3} (Okawaru gifted it to you on level 13 of the Dungeon)
 15980 | D:12     | Killed a skeletal warrior
 15980 | D:12     | Reached skill level 10 in Short Blades
 16361 | D:8      | Found a deep blue altar of Sif Muna.
 16555 | Lair:1   | Entered Level 1 of the Lair of Beasts
 16578 | Lair:1   | Learned a level 6 spell: Deflect Missiles
 16603 | Lair:1   | Reached skill level 1 in Long Blades
 17672 | Lair:1   | Received a gift from Okawaru
 17795 | Lair:2   | Reached XP level 13. HP: 76/79 MP: 17/17
 18329 | Lair:2   | Received a gift from Okawaru
 19424 | Lair:4   | Noticed a seven-headed hydra
 19440 | Lair:4   | Killed a seven-headed hydra
 19440 | Lair:4   | Reached skill level 12 in Crossbows
 19694 | Lair:4   | Noticed an eight-headed hydra
 20181 | Lair:5   | Found a staircase to the Shoals.
 21343 | Lair:6   | Received a gift from Okawaru
 21458 | Lair:6   | Received a gift from Okawaru
 21509 | Lair:6   | Noticed a four-headed hydra
 21524 | Lair:6   | Killed a four-headed hydra
 21686 | Lair:6   | Reached skill level 10 in Dodging
 21718 | Lair:6   | Received a gift from Okawaru
 21792 | Lair:6   | HP: 4/81 [poisoned by a redback]
 21796 | Lair:6   | HP: 1/81 [poisoned by a redback]
 21797 | Lair:6   | Succumbed to a redback's poison

Skill      XL: |  1  2  3  4  5  6  7  8  9 10 11 12 13 |
---------------+----------------------------------------+-----
Crossbows      | 5 6 8 9 11 12 | 12.0
Short Blades   | 1 2 3 4 5 6 8 9 10 11 | 11.3
Dodging        | 3 4 5 7 8 9 10 | 10.1
Armour         | 1 2 3 4 5 6 7 |  7.7
Stealth        | 2 3 4 5 7 8 9 10 11 | 11.5
Fighting       | 3 4 6 7 8 9 |  9.6
Invocations    | 1 3 4 5 6 |  6.2
Evocations     | 1 |  1.4
Long Blades    | 2 4 |  4.7

Action                   |  1- 3 |  4- 6 |  7- 9 | 10-12 | 13-15 || total
-------------------------+-------+-------+-------+-------+-------++-------
Melee: Short sword       |   106 |   358 |   378 |   668 |       ||  1510
       Dagger            |       |       |       |     5 |       ||     5
       Double sword      |       |       |       |   226 |   333 ||   559
 Fire: Hand crossbow     |       |    17 |    57 |   350 |       ||   424
       Arbalest          |       |       |       |    34 |    61 ||    95
Invok: Heroism           |       |       |       |     6 |     3 ||     9
       Finesse           |       |       |       |     2 |     1 ||     3
Evoke: Wand              |       |       |       |     8 |     7 ||    15
       Box of beasts     |       |       |       |     1 |       ||     1
       Phial of floods   |       |       |       |     1 |       ||     1
  Use: Scroll            |       |       |     8 |     7 |    12 ||    27
       Potion            |       |       |       |    14 |     8 ||    22
 Stab: Sleeping          |     3 |     2 |    11 |    20 |     7 ||    43
       Distracted        |       |       |       |     2 |     1 ||     3
       Invisible         |       |       |       |     1 |       ||     1
  Eat: Chunk             |    10 |     9 |    14 |    35 |    14 ||    82
       Beef jerky        |       |       |       |     3 |       ||     3
Armor: Leather armour    |    18 |    14 |       |       |       ||    32
       Scale mail        |       |    46 |       |       |       ||    46
       Ring mail         |       |    44 |    99 |   143 |       ||   286
       Chain mail        |       |       |       |    38 |   157 ||   195
Dodge: Dodged            |    85 |   240 |   224 |   887 |   533 ||  1969
